AoeStats
← oblic

QS Arena

503447103Analyzed
1v1 RM · 3mo ago on Aug 31, 2026· 21m 32s· 2 players
Game mode
Random Map
Map size
Tiny (2 player)
Population
200
Speed
Normal
Resources
Standard
Victory
Conquest
Starting age
Dark Age
Ending age
Imperial Age
RankedLock teamsTeams togetherTeam positionsShared explorationLock speedFull tech treeHidden civsTurbo modeCheats
Victory
Defeat
🇩🇪 Aztecs · Germany
1405
+13
vs
🇲🇽 Persians · Mexico
1328
-13
oblic
6:50 Loom
8:44 Feudal Age
12:46 Castle Age
13:13 Bloodlines
14:52 Town Watch
20:14 Fletching
20:58 Crossbowman
Hößi
8:35 Feudal Age
12:33 Castle Age
10:36 Double-Bit Axe
12:34 Loom
13:47 Gold Mining
15:04 Sanctity
14:49 Squires
15:55 Fervor
18:08 Wheelbarrow
18:08 Redemption
19:18 Atonement
19:28 Town Watch
20:07 Pikeman
Connection lost

Rejoining the realm…

Still unreachable

The connection could not be restored.

Session expired

The server has moved on; the page needs a fresh start.